Map: King Sejong Station LE

Players

Nickos

  • Race: Terran Terran
  • League: Silver

Professor - Winner!

  • Race: Terran Terran
  • League: Silver

VOD

Have the link to the VOD?

Description

Time

  • Played on: Sept. 15, 2016, 6:35 p.m.
  • Length: 7:41
Show
View Real Time Build Order
Export as new Build Order

Nickos Terran 

Build Orders: Reaper Expand 

Get SALT Encoding   

  12  0:00  SCV  
  13  0:13  SCV  
  14  0:17  Supply Depot  
  14  0:25  SCV  
  15  0:39  SCV  
  15  0:41  Barracks  
  16  0:44  Refinery  
  16  0:51  SCV  
  17  1:03  SCV  
  18  1:15  SCV  
  19  1:31  Reaper  
  19  1:32  Orbital Command  
  20  1:42  Command Center  
  20  1:53  Supply Depot  
  20  2:03  Barracks  
  20  2:05  SCV  
  20  2:07  Marine  
  22  2:17  SCV  
  22  2:19  Refinery  
  23  2:29  SCV  
  24  2:30  Barracks Reactor  
  24  2:34  Factory  
  24  2:42  SCV  
  25  2:54  SCV  
  26  3:11  Orbital Command, SCV  
  26  3:12  Marine  
  27  3:13  Barracks Tech Lab  
  28  3:21  Marine  
  28  3:23  Factory Reactor  
  28  3:25  Starport  
  28  3:30  Marine  
  28  3:31  Bunker  
  29  3:34  Bunker, SCV  
  29  3:36  Marine  
  29  3:39  Marine  
  32  3:41  SCV  
  32  3:46  SCV  
  32  3:48  Marine  
  34  3:53  SCV  
  34  3:54  Marine  
  37  3:57  Marine  
  37  3:59  SCV  
  39  4:06  Marine  
  35  4:25  Marine x3  
  36  4:42  Marine, SCV  
  38  4:46  Liberator  
  38  4:54  SCV x2  
  38  4:55  Marine x2  
  42  5:00  Marine  
  46  5:08  Stimpack  
  46  5:26  Supply Depot  
  46  5:27  Supply Depot  
  46  5:46  Marine  
  46  5:47  Medivac, SCV x2, Marine x2  
  52  5:59  SCV  
  52  6:00  Medivac  
  55  6:04  Marine  
  55  6:05  Marine x2  
  58  6:12  Barracks, SCV x2  
  58  6:13  Engineering Bay, Barracks  
  58  6:14  Engineering Bay  
  60  6:22  Marine  
  60  6:23  Medivac, Marine  
  60  6:24  SCV  
  60  6:25  SCV  
  66  6:36  Supply Depot, SCV  
  66  6:37  SCV  
  66  6:38  Supply Depot  
  46  6:56  Marine x2  
  46  6:57  Marine  
  45  7:02  Supply Depot  
  45  7:04  Marine  
  45  7:05  Marine  
  47  7:14  Marine  
  47  7:15  Marine  
  29  7:18  Marine  
  29  7:22  Marine x2  
Show
View Real Time Build Order
Export as new Build Order

Professor Terran - Winner!

Build Orders:  

Get SALT Encoding   

  12  0:01  SCV  
  13  0:21  SCV  
  14  0:33  SCV  
  15  0:42  Supply Depot  
  15  0:52  Supply Depot  
  15  0:55  Refinery  
  15  0:57  Refinery  
  15  1:04  SCV  
  15  1:06  Barracks  
  16  1:16  SCV  
  16  1:18  Barracks  
  17  1:28  SCV  
  18  1:40  SCV  
  19  1:52  SCV  
  20  1:56  Supply Depot  
  20  2:02  Barracks Reactor  
  20  2:04  SCV  
  20  2:07  Barracks Reactor  
  21  2:15  Barracks  
  21  2:17  SCV  
  21  2:22  Supply Depot  
  22  2:29  SCV  
  23  2:46  Reaper x4  
  25  3:04  Barracks Reactor  
  22  3:14  SCV  
  22  3:18  Reaper x2  
  24  3:26  SCV  
  25  3:38  SCV  
  26  3:41  Barracks  
  26  3:43  Barracks  
  26  3:49  Reaper  
  26  3:50  Reaper  
  26  3:51  SCV  
  29  4:03  SCV  
  29  4:19  Reaper x2  
  30  4:29  Reaper  
  30  4:30  Marine x3  
  30  4:47  Marine  
  30  4:48  Orbital Command, Marine x2  
  30  4:50  Marine  
  30  4:51  Barracks Reactor, Marine  
  35  5:01  Marine  
  35  5:02  Barracks Reactor  
  35  5:05  Barracks Tech Lab, Marine  
  35  5:06  Marine x2  
  39  5:13  Supply Depot  
  39  5:19  Reaper x2  
  41  5:26  Reaper  
  42  5:30  SCV  
  43  5:39  Reaper  
  43  5:40  Marine x2  
  43  5:41  Marine x3  
  49  5:51  Marine x2  
  51  5:58  Reaper x2, Marine x2  
  55  6:04  Supply Depot  
  55  6:26  Marine x7  
  55  6:30  Reaper  
  63  6:43  Reaper  
  63  6:45  Marine  
  63  6:46  Marine  
  63  6:47  Reaper x2  
  51  7:12  Marine  
  51  7:13  Marine x5  
  51  7:14  Marine  
  48  7:18  Marine  
  48  7:19  Marine  
Tags
 
Add a new tag
Caveats
  • Supply blocks, unpowered buildings, or Contaminate may cause inaccurate times.
  • Supply counts are checked every 10 seconds.